Map: Kairos Junction LE

Players

Miharu - Winner!

  • Race: Zerg Zerg
  • League: Diamond
  • Spawn Location: 11:00

YourMother

  • Race: Terran Terran
  • League: Master
  • Spawn Location: 5:00

VOD

Have the link to the VOD?

Description

Okay so I played very bad this game LOL , but this guy was just rood haha

Time

  • Played on: Feb. 7, 2019, 2:51 a.m.
  • Length: 18:54
Show
View Real Time Build Order
Export as new Build Order

Miharu Zerg - Winner!

Build Orders: Pool First 

Get SALT Encoding   

  12  0:01  Drone  
  13  0:12  Overlord  
  13  0:16  Drone  
  14  0:31  Drone  
  14  0:32  Drone  
  14  0:35  Drone  
  17  1:05  Extractor  
  17  1:09  Spawning Pool  
  15  1:11  Hatchery  
  14  1:19  Drone  
  14  1:20  Drone  
  14  1:22  Drone  
  17  1:31  Drone  
  18  1:42  Drone  
  19  1:53  Overlord  
  19  1:56  Queen  
  21  2:06  Zergling x2  
  22  2:15  Zergling x2  
  23  2:21  Metabolic Boost  
  23  2:24  Zergling x2  
  24  2:30  Zergling x2  
  24  2:33  Queen  
  24  2:34  Overlord  
  27  2:37  Zergling x2  
  28  2:48  Zergling x4  
  30  2:52  Queen  
  32  3:14  Hatchery  
  30  3:37  Drone x4  
  33  3:54  Drone x3  
  33  3:55  Drone x2  
  38  4:03  Lair  
  38  4:05  Drone  
  39  4:13  Drone x2  
  41  4:24  Drone x2  
  41  4:29  Queen  
  45  4:34  Drone x2  
  47  4:40  Spore Crawler  
  47  4:41  Drone x2  
  47  4:43  Overlord  
  48  4:50  Spore Crawler  
  47  4:53  Evolution Chamber  
  47  4:56  Roach Warren  
  47  4:59  Queen  
  47  5:14  Hydralisk Den  
  47  5:20  Zerg Missile Weapons Level 1  
  46  5:22  Drone x4  
  46  5:23  Drone x3  
  46  5:24  Drone x2, Extractor x2  
  53  5:40  Glial Reconstitution  
  53  5:46  Overlord x2  
  53  5:53  Overseer  
  53  6:00  Spore Crawler  
  52  6:05  Hydralisk  
  54  6:20  Hydralisk x2  
  58  6:29  Drone x4  
  58  6:30  Drone  
  63  6:33  Drone  
  63  6:35  Muscular Augments, Hatchery  
  63  6:36  Spore Crawler  
  63  6:37  Overseer, Spore Crawler  
  60  6:47  Drone x3  
  60  6:48  Drone x2  
  60  6:50  Overlord  
  60  6:51  Overlord x3  
  65  6:58  Queen  
  67  7:06  Baneling Nest  
  66  7:34  Hydralisk  
  66  7:35  Hydralisk x5  
  76  7:43  Queen  
  78  7:45  Zergling x2  
  78  7:46  Grooved Spines  
  78  7:48  Zergling x2, Zerg Melee Weapons Level 1  
  78  7:49  Zergling x2  
  82  7:51  Zergling x2  
  82  8:00  Zergling x4  
  82  8:02  Zergling x2  
  85  8:06  Centrifical Hooks  
  85  8:09  Queen  
  87  8:13  Roach x3  
  87  8:15  Overlord  
  87  8:17  Drone  
  87  8:18  Drone  
  94  8:33  Roach x4  
  102  8:38  Drone x4  
  102  8:39  Drone  
  107  8:45  Drone x2  
  109  8:52  Overlord x2  
  109  8:54  Baneling  
  109  8:55  Baneling x5  
  109  8:57  Roach  
  109  8:59  Ravager  
  109  9:00  Overlord, Hatchery  
  97  9:23  Drone x4  
  93  9:28  Drone x3  
  96  9:34  Drone x4  
  96  9:35  Infestation Pit, Drone  
  96  9:37  Hydralisk x5  
  102  9:59  Hydralisk  
  100  10:00  Hydralisk x2  
  103  10:11  Spore Crawler x2  
  103  10:12  Spore Crawler  
  103  10:13  Drone x3  
  101  10:16  Extractor  
  101  10:17  Extractor  
  101  10:18  Drone x3  
  102  10:23  Hive  
  102  10:26  Drone x3, Extractor  
  104  10:30  Queen  
  104  10:32  Drone x3  
  104  10:33  Drone x6  
  104  10:34  Drone  
  116  10:35  Drone x2  
  116  10:36  Drone x2  
  120  10:54  Overlord, Spore Crawler  
  120  10:55  Overlord x2  
  119  11:01  Drone x3  
  119  11:02  Drone, Spire  
  122  11:04  Spore Crawler  
  122  11:05  Zerg Ground Armor Level 1  
  122  11:06  Spore Crawler x2  
  122  11:07  Spore Crawler  
  122  11:09  Evolution Chamber  
  107  11:13  Zergling x22  
  118  11:24  Baneling  
  118  11:25  Baneling x4  
  118  11:28  Hatchery  
  118  11:30  Zergling x10  
  118  11:31  Zergling x2  
  121  11:38  Overseer  
  120  11:41  Baneling x3  
  120  11:49  Zerg Missile Weapons Level 2  
  120  11:50  Extractor x2  
  115  12:02  Zergling x18  
  124  12:14  Greater Spire, Corruptor x4  
  132  12:22  Corruptor x2  
  132  12:35  Overlord x2  
  132  12:36  Zergling x8  
  132  12:37  Zergling x8  
  140  12:41  Baneling x5  
  140  12:42  Baneling x3  
  140  12:43  Baneling  
  124  13:04  Zergling x2  
  124  13:05  Zergling x28  
  125  13:09  Drone  
  125  13:10  Drone  
  125  13:17  Drone x2  
  125  13:19  Drone  
  128  13:28  Drone x5  
  128  13:33  Baneling x11  
  128  13:34  Baneling x2  
  113  13:42  Brood Lord x2  
  113  13:43  Brood Lord  
  105  13:55  Zergling x32  
  109  14:01  Zergling x2  
  112  14:05  Zergling x2  
  111  14:10  Zergling x2  
  111  14:11  Zergling x4  
  111  14:17  Baneling x6  
  114  14:20  Corruptor x4  
  121  14:28  Zergling x14  
  111  14:33  Zergling x2  
  111  14:34  Zergling x4  
  106  14:39  Drone  
  106  14:43  Queen, Drone x2  
  106  14:44  Overlord  
  111  14:46  Zerg Flyer Weapons Level 1  
  111  14:48  Zerg Melee Weapons Level 2  
  111  14:51  Brood Lord  
  111  14:52  Brood Lord  
  115  14:55  Drone x3  
  118  15:00  Extractor x2  
  118  15:05  Queen  
  118  15:06  Queen  
  120  15:15  Hatchery  
  119  15:22  Corruptor x5  
  119  15:25  Spore Crawler  
  128  15:28  Brood Lord, Spore Crawler  
  128  15:29  Zergling x2  
  128  15:30  Zergling x12  
  136  15:37  Baneling x7  
  136  15:38  Baneling  
  136  15:45  Brood Lord  
  128  16:04  Brood Lord x2  
  130  16:05  Brood Lord  
  130  16:06  Zergling x2  
  130  16:07  Zergling x30  
  148  16:14  Queen  
  150  16:24  Ultralisk Cavern  
  139  16:54  Zergling x24  
  139  16:55  Zergling x28  
  153  17:12  Brood Lord  
  153  17:13  Zergling x20  
  165  17:28  Ultralisk x3  
  174  17:47  Zergling x2  
  174  17:48  Zergling x26  
  178  18:01  Ultralisk  
  171  18:16  Zergling x12  
  171  18:17  Zergling x10  
  182  18:22  Overlord x3  
  181  18:32  Zergling x16  
Show
View Real Time Build Order
Export as new Build Order

YourMother Terran 

Build Orders:  

Get SALT Encoding   

  12  0:01  SCV  
  13  0:13  SCV  
  14  0:21  Supply Depot  
  14  0:25  SCV  
  15  0:40  Engineering Bay  
  15  0:57  Barracks  
  15  0:59  Refinery, SCV  
  16  1:09  Refinery  
  16  1:11  SCV  
  16  1:23  SCV  
  17  1:36  SCV  
  18  1:44  Reaper  
  18  1:46  Bunker  
  19  1:54  Orbital Command  
  19  2:09  Factory  
  19  2:26  Supply Depot  
  19  2:29  Barracks Reactor  
  19  2:32  SCV  
  20  2:44  SCV  
  21  2:56  Starport  
  21  2:59  Starport  
  21  3:00  Widow Mine  
  21  3:04  Marine x2  
  25  3:17  SCV  
  26  3:21  Widow Mine  
  26  3:24  Bunker  
  28  3:32  Supply Depot  
  28  3:34  SCV  
  29  3:43  Starport Tech Lab  
  29  3:44  Starport Tech Lab  
  29  3:46  SCV  
  29  4:02  Banshee x2  
  28  4:03  Factory Tech Lab  
  28  4:07  Marine x2  
  36  4:17  Supply Depot  
  36  4:19  Cloaking Field  
  39  4:38  Supply Depot  
  39  4:45  Banshee  
  39  4:48  Banshee  
  42  4:56  SCV  
  43  5:02  Siege Tank  
  46  5:08  SCV  
  46  5:10  Marine x2  
  49  5:14  Supply Depot  
  49  5:20  SCV  
  50  5:32  SCV  
  51  5:39  Command Center  
  51  5:46  SCV  
  51  5:49  Banshee  
  55  5:57  Marine x2  
  55  5:58  SCV  
  58  6:08  Fusion Core  
  58  6:12  SCV  
  56  6:21  Siege Tank  
  59  6:37  SCV  
  60  6:42  Marine  
  61  6:47  Bunker  
  61  6:50  Barracks x2  
  61  7:08  SCV  
  62  7:26  Orbital Command  
  62  7:32  Refinery x2  
  62  7:35  SCV  
  51  7:38  Barracks Tech Lab x2  
  51  7:47  SCV  
  51  7:48  Battlecruiser  
  58  7:54  SCV  
  59  7:58  Stimpack  
  59  7:59  SCV  
  59  8:01  Siege Tank  
  63  8:06  SCV  
  63  8:08  Marine x2  
  63  8:10  Medivac  
  63  8:11  SCV  
  69  8:17  Marine x2  
  69  8:18  SCV  
  72  8:22  Combat Shield  
  72  8:24  SCV  
  72  8:26  Supply Depot, Marine x2  
  75  8:29  Supply Depot  
  75  8:30  SCV  
  76  8:35  Marine x2  
  76  8:41  Factory  
  78  8:47  Marine x2  
  78  8:48  SCV  
  81  8:53  Marine  
  82  9:01  Marine, Engineering Bay x2  
  83  9:05  Marine x2  
  83  9:08  Supply Depot  
  83  9:09  Supply Depot  
  79  9:22  Marine x2  
  81  9:25  Factory Tech Lab  
  81  9:28  Siege Tank  
  81  9:29  Supply Depot, Terran Infantry Weapons Level 1  
  81  9:31  Supply Depot  
  84  9:34  Supply Depot  
  84  9:38  Marine x2  
  84  9:39  SCV  
  84  9:44  Marine x2  
  89  9:45  SCV  
  90  9:56  Marine x2  
  90  9:57  Supply Depot  
  92  10:02  Marine  
  94  10:07  SCV x2  
  94  10:11  Siege Tank x2  
  102  10:14  Medivac, Armory  
  102  10:19  SCV  
  102  10:20  SCV  
  105  10:29  Command Center  
  105  10:38  Marine x2  
  107  10:44  Marine x2  
  107  10:45  Siege Tank  
  112  10:53  Terran Infantry Armor Level 1  
  112  10:56  Marine x2  
  114  11:01  Marine  
  114  11:02  Marine  
  110  11:14  Marine x2  
  112  11:19  Marine x2  
  112  11:21  Siege Tank x2  
  112  11:23  Barracks  
  112  11:24  Barracks  
  120  11:32  Marine x2  
  122  11:36  Terran Infantry Weapons Level 2  
  122  11:37  Marine x2  
  124  11:49  Marine  
  124  11:50  Marine  
  124  11:51  Command Center  
  124  11:53  Siege Tank  
  132  11:55  Marine  
  132  11:59  Marine  
  134  12:07  Siege Tank, Marine x2  
  136  12:10  Marine  
  136  12:13  Marine  
  138  12:22  Marine x2  
  140  12:25  Planetary Fortress, Marine x2  
  142  12:34  Marine  
  142  12:36  Command Center  
  143  12:47  Marine x2  
  133  13:00  Marine x2  
  133  13:02  Marine x2  
  133  13:04  Marine  
  133  13:05  Marine  
  109  13:07  SCV  
  109  13:08  Missile Turret  
  101  13:17  Medivac x2  
  101  13:18  Marine x2  
  101  13:19  SCV  
  108  13:20  Terran Vehicle And Ship Armor Level 1, Marine x2  
  108  13:22  Marine x2  
  112  13:31  SCV  
  113  13:36  Missile Turret, Marine x2  
  113  13:37  Marine x2  
  113  13:41  Marine x2  
  105  13:53  Marine x2  
  105  13:55  Marine x2  
  100  13:57  Planetary Fortress  
  100  13:59  Marine x2  
  96  14:10  Missile Turret  
  96  14:11  Marine x2  
  96  14:13  Marine x2, SCV  
  96  14:16  Medivac, Marine  
  96  14:17  Marine  
  94  14:25  SCV  
  94  14:29  Marine x2  
  94  14:31  Marine x2  
  88  14:34  Marine x2  
  88  14:35  Hellbat x2  
  88  14:37  SCV  
  77  14:39  SCV  
  77  14:42  SCV  
  77  14:47  Marine x2  
  77  14:49  Marine x2  
  77  14:50  Medivac, SCV  
  77  14:51  SCV  
  77  14:52  Marine  
  86  14:54  Terran Infantry Armor Level 2  
  86  14:59  Marine  
  87  15:03  SCV  
  87  15:05  Marine x2  
  87  15:06  Marine  
  87  15:07  Marine  
  90  15:10  Marine  
  90  15:12  Siege Tank x2  
  99  15:15  SCV  
  99  15:16  Terran Infantry Weapons Level 3  
  99  15:17  Marine  
  99  15:18  SCV  
  99  15:19  SCV  
  103  15:22  Marine  
  103  15:24  Marine x3  
  103  15:28  Marine, SCV  
  109  15:30  SCV  
  109  15:35  Marine  
  111  15:40  Marine  
  111  15:42  Marine  
  113  15:43  SCV  
  113  15:46  Planetary Fortress  
  114  15:52  Missile Turret x2  
  114  15:56  Marine x3  
  97  15:58  Marine x2  
  97  15:59  Siege Tank x2  
  97  16:00  Marine  
  97  16:01  SCV  
  105  16:14  Marine x3  
  105  16:16  Marine x2  
  105  16:17  Medivac x2  
  105  16:18  Marine  
  115  16:32  Marine x3, SCV  
  119  16:33  Marine  
  119  16:34  Marine  
  119  16:35  Marine  
  122  16:44  SCV  
  123  16:47  Medivac  
  123  16:48  Orbital Command  
  123  16:49  Marine x2  
  123  16:50  Marine  
  123  16:51  Marine  
  123  16:52  Marine  
  123  16:53  Marine  
  121  16:56  SCV  
  121  16:59  SCV  
  104  17:03  Hellbat x2  
  104  17:07  Marine x3  
  104  17:08  SCV  
  110  17:09  Marine x2  
  110  17:11  Marine, SCV  
  110  17:13  Viking  
  114  17:17  Viking  
  115  17:24  Hellbat  
  115  17:25  Marine x3  
  115  17:26  SCV  
  115  17:27  Marine x2  
  115  17:29  Marine  
  117  17:30  Hellbat  
  117  17:35  Refinery, Barracks  
  116  17:38  SCV  
  116  17:43  Marine x3, Viking  
  122  17:45  Marine x2, Hellbat  
  122  17:47  Marine  
  118  18:01  Medivac, Marine x3, Hellbat  
  118  18:03  Marine x2  
  118  18:04  Marine  
  119  18:07  Hellbat  
  110  18:13  Medivac  
  110  18:18  Marine  
  110  18:19  Marine x2  
  115  18:20  Marine  
  115  18:21  Marine  
  115  18:22  Marine  
Tags
 
Add a new tag
Caveats
  • Supply blocks, unpowered buildings, or Contaminate may cause inaccurate times.
  • Supply counts are checked every 10 seconds.